 Dungeon Crawl Stone Soup version 0.29-a0-477-g62b78b4225 (webtiles) character file.

Game seed: 7758771041128922726

1812 bladeefan the Ruffian (level 8, 0/80 HPs)
             Began as a Troll Monk on May 24, 2022.
             Killed from afar by Maggie (8 damage)
             ... with a bolt of fire
             ... on level 6 of the Dungeon.
             The game lasted 00:09:07 (4626 turns).

bladeefan the Ruffian (Troll Monk)                  Turns: 4626, Time: 00:09:07

Health: 0/80       AC:  7    Str: 28    XL:     8   Next: 84%
Magic:  7/7        EV: 11    Int:  6    God:
Gold:   315        SH:  0    Dex: 12    Spells: 7/7 levels left

rFire   + + .      SeeInvis .   k - +8 whip "Usegeuma" {vorpal, rPois rF+ rC+}
rCold   + . .      Faith    .   (no shield)
rNeg    . . .      Spirit   .   B - +0 steam dragon scales
rPois   +          Reflect  .   (helmet restricted)
rElec   .          Harm     .   (no cloak)
rCorr   .          Rampage  .   (gloves unavailable)
Will    .....                   (boots unavailable)
Stlth   +.........              (no amulet)
HPRegen 1.03/turn               i - ring of protection from fire
MPRegen 0.10/turn               h - +6 ring of strength

@: confused, ambrosia-drunk, mesmerised
A: large, unfitting armour, claws 3, regeneration 1, shaggy fur 1, tough skin 1
a: no special abilities


You were on level 6 of the Dungeon.
You visited 2 branches of the dungeon, and saw 7 of its levels.

You collected 315 gold pieces.

Inventory:

Hand Weapons
 k - the +8 whip "Usegeuma" (weapon) {vorpal, rPois rF+ rC+}
   (You found it on level 4 of the Dungeon)

   It inflicts extra damage upon your enemies.
   rF:        It protects you from fire.
   rC:        It protects you from cold.
   rPois:     It protects you from poison.
Armour
 B - +0 steam dragon scales (worn)
   (You found it on level 6 of the Dungeon)
Jewellery
 h - a +6 ring of strength (right claw)
   (You found it on level 4 of the Dungeon)
 i - a ring of protection from fire (left claw)
   (You found it on level 1 of the Dungeon)
 s - a ring of positive energy
   (You found it on level 3 of the Dungeon)
 w - a ring of willpower
   (You found it on level 3 of the Dungeon)
Wands
 d - a wand of iceblast (16)
   (You found it on level 2 of the Dungeon)
 u - a wand of paralysis (1)
   (You found it on level 2 of the Dungeon)
Scrolls
 c - a scroll of noise {!r}
 l - 2 scrolls of teleportation {@r4}
 m - 3 scrolls of blinking
 n - 2 scrolls of torment {!r}
 o - a scroll of vulnerability {!r}
 v - 4 scrolls of enchant weapon
 x - a scroll of brand weapon {unknown}
 y - a scroll of identify {@r1}
Potions
 e - 4 potions of might {unknown}
 f - 3 potions of curing {unknown}
 g - 2 potions of lignification {unknown}
 j - 2 potions of resistance {unknown}
 p - a potion of cancellation {unknown}
 q - 2 potions of degeneration {unknown}
 r - 2 potions of haste {unknown}
 t - a potion of magic {unknown}
 z - a potion of brilliance {unknown}
 A - a potion of berserk rage {unknown}


   Skills:
 + Level 5.3 Fighting
 * Level 5.6 Maces & Flails
 + Level 0.0 Armour
 - Level 5.3 Dodging
 - Level 1.0 Stealth
 - Level 5.8 Unarmed Combat


You had 7 spell levels left.
You didn't know any spells.
Your spell library contained the following spells:

 Spells                   Type           Power      Damage    Failure   Level
 Freeze                   Ice            0%         1d3       45%         1
 Sandblast                Erth           0%         2d4       45%         1
 Summon Small Mammal      Summ           0%         N/A       45%         1
 Passwall                 Tmut/Erth      0%         N/A       58%         2
 Scorch                   Fire           0%         2d5       58%         2
 Call Canine Familiar     Summ           0%         N/A       83%         3
 Frozen Ramparts          Ice            0%         1d2       83%         3
 Stone Arrow              Conj/Erth      0%         3d7       83%         3
 Summon Guardian Golem    Hex/Summ       0%         N/A       83%         3
 Flame Wave               Conj/Fire      0%         2d4       99%         4
 Hailstorm                Conj/Ice       0%         3d3       99%         4
 Summon Cactus Giant      Summ           0%         N/A       100%        6


Dungeon Overview and Level Annotations

Branches:
Dungeon (6/15)             Temple (1/1) D:4

Altars:
Ashenzari
Dithmenos
Fedhas
Hepliaklqana
Okawaru
Trog
Uskayaw
Wu Jian
Yredelemnul
Zin
The Shining One

Shops:
D:1 :   D:4 *   D:6 *

Annotations:
D:6 Maggie


Innate Abilities, Weirdness & Mutations

You are too large for most types of armour.
You have claws for hands.
Your natural rate of healing is unusually fast.
You are covered in fur. (AC +1)
You have tough skin. (AC +1)


Message History

You now have 315 gold pieces (gained 14).
Key pressed, stopping explore.
Key pressed, stopping explore.
Found Zaempedo's General Store.
Maggie the Vainglorious comes into view.
She is wielding a +2 scimitar of flaming.
Maggie hits you with a +2 scimitar of flaming!
You whack Maggie! You hit Maggie.
Maggie smiles, but it's obviously fake.
Maggie mumbles some strange words.
Maggie attempts to bespell you!
You are mesmerised by Maggie!
You whack Maggie!
Maggie points at you and mumbles some strange words.
The bolt of fire hits you! You resist.
You barely miss Maggie.
Maggie hits you with a +2 scimitar of flaming!
You hit Maggie.
Maggie hits you with a +2 scimitar of flaming!
You closely miss Maggie. Maggie gestures at you while chanting.
The bolt of fire hits you. You resist.
You hit Maggie.
Maggie hits you with a +2 scimitar of flaming!
* * * LOW HITPOINT WARNING * * *
Maggie burns you.
* * * LOW HITPOINT WARNING * * *
You hit Maggie. You hit Maggie.
Maggie hits you with a +2 scimitar of flaming!
* * * LOW HITPOINT WARNING * * *
You barely miss Maggie. Maggie gestures at you while chanting.
The bolt of fire hits you. You resist.
* * * LOW HITPOINT WARNING * * *
Unknown command.
You hit Maggie. Maggie gestures at you while chanting.
The bolt of fire hits you! You resist.
* * * LOW HITPOINT WARNING * * *
Unknown command.
You are confused.
You feel invigorated.
Maggie points at you and mumbles some strange words.
The bolt of fire hits you! You resist.
* * * LOW HITPOINT WARNING * * *
You hit Maggie.
Maggie points at you and mumbles some strange words.
The bolt of fire hits you! You resist.
You die...

##. #. ...
.# #. ... .#
#..#.#..## .
#...∩....#..
#..#.#....
#.#.@.#.#
#...@...#
##.#.####
#....#
####.# #.#
#.# #.# #.
#.# #. #.#
#.


You could see Maggie (mesmerising).

Vanquished Creatures
  Grinder (D:3)
  Eustachio (D:5)
  Edmund (D:6)
  A steam dragon (D:6)
  A hornet zombie (D:5)
  An ogre (D:3)
  2 bullfrogs (D:6)
  A scorpion (D:4)
  2 vampire bats (D:3)
  2 howler monkeys
  A bullfrog zombie (D:5)
  2 centaur zombies (D:5)
  A gnoll shaman (D:5)
  2 orc priests
  2 jellies (D:5)
  Terence (D:3)
  4 iguanas (D:5)
  5 orc wizards
  A hound zombie (D:5)
  4 gnolls
  6 adders
  A river rat (D:5)
  A white imp (D:6)
  A worm (D:5)
  2 dart slugs
  15 orcs
  7 endoplasms
  5 giant cockroaches
  7 goblins
  6 hobgoblins
  7 jackals
  4 quokkas
  7 ball pythons
  11 bats
  3 frilled lizards
  5 kobolds
  5 rats
129 creatures vanquished.

Vanquished Creatures (others)
  3 fungi (D:2)
  2 plants (D:2)
5 creatures vanquished.

Grand Total: 134 creatures vanquished

Notes
Turn   | Place    | Note
-------+----------+-------------------------------------------
     0 | D:1      | bladeefan the Troll Monk began the quest for the Orb.
     0 | D:1      | Reached XP level 1. HP: 22/22 MP: 0/0
   129 | D:1      | Reached XP level 2. HP: 21/29 MP: 1/1
   145 | D:1      | Found Qethior's Book Boutique.
   783 | D:2      | Reached XP level 3. HP: 33/36 MP: 2/2
  1324 | D:2      | Found a faded altar of an unknown god.
  1423 | D:3      | Noticed Terence
  1435 | D:3      | Killed Terence
  1436 | D:3      | Reached XP level 4. HP: 7/44 MP: 3/3
  1665 | D:3      | Noticed an ogre
  1688 | D:3      | Killed an ogre
  1689 | D:3      | Reached XP level 5. HP: 32/53 MP: 4/4
  1739 | D:3      | Noticed Grinder
  1748 | D:3      | Killed Grinder
  1749 | D:3      | Reached skill level 5 in Unarmed Combat
  1749 | D:3      | Reached XP level 6. HP: 48/61 MP: 5/5
  2300 | D:4      | Found a staircase to the Ecumenical Temple.
  2534 | D:4      | Identified the +8 whip "Usegeuma" {vorpal, rPois rF+ rC+}
  2837 | D:4      | Found Zuaggo's Assorted Antiques.
  2993 | D:5      | Entered Level 5 of the Dungeon
  3015 | D:4      | Reached skill level 1 in Maces & Flails
  3031 | D:4      | Reached XP level 7. HP: 18/68 MP: 6/6
  3256 | D:5      | Noticed Eustachio
  3410 | D:5      | Reached XP level 8. HP: 76/79 MP: 7/7
  3473 | D:5      | Found a basalt altar of Yredelemnul.
  3592 | D:5      | Killed Eustachio
  3856 | D:6      | Noticed Edmund
  3867 | D:6      | Killed Edmund
  3868 | D:6      | Reached skill level 5 in Fighting
  3868 | D:6      | Reached skill level 5 in Dodging
  3911 | Temple   | Entered the Ecumenical Temple
  4176 | D:6      | Reached skill level 5 in Maces & Flails
  4608 | D:6      | Found Zaempedo's General Store.
  4611 | D:6      | Noticed Maggie
  4626 | D:6      | Killed from afar by Maggie

Illustrated notes

Levels and vault maps discovered:
D:1:      spicycebolla_arrival_xxxplode, layout_loops_ring, serial_shops, shop
D:2:      layout_basic, shapermc_ecumenical_altar_mp_urbaneastern,
          minmay_misc_feat_iff, lemuel_another_geyser
D:3:      layout_basic, roderic_batcave, uniq_grinder, uniq_terence
D:4:      layout_loops_ring, minmay_temple_entry_statues_fountains,
          serial_shops, kennysheep_mini_moat, kennysheep_generic_room_5
D:5:      layout_cave_pools, nicolae_yredelemnul_corpse_copse,
          portal_sewer_entry_b, minmay_diced_spiral, uniq_eustachio
D:6:      layout_loops_ring, serial_shops, nicolae_shop_advertising_works
          [nicolae_subvault_shop_adworks], uniq_edmund, uniq_maggie
Temple:   dpeg_chambers_temple

Skill      XL: |  1  2  3  4  5  6  7  8 |
---------------+-------------------------+-----
Unarmed Combat | 4 5 |  5.8
Dodging        | 3 4 5 |  5.3
Fighting       | 3 4 5 |  5.3
Maces & Flails | 1 3 5 |  5.6
Stealth        | |  1.0

Action                   |  1- 3 |  4- 6 |  7- 9 || total
-------------------------+-------+-------+-------++-------
Melee: Unarmed           |    94 |    60 |       ||   154
       Punch             |     1 |     2 |     9 ||    12
       Whip              |       |    37 |   190 ||   227
Throw: Throwing net      |       |     1 |       ||     1
  Use: Scroll            |       |     8 |       ||     8
       Potion            |       |       |     1 ||     1
 Stab: Sleeping          |     3 |     2 |     1 ||     6
       Distracted        |     1 |       |     1 ||     2
Armor: Robe              |    24 |    38 |    63 ||   125
       Steam dragon scal |       |       |     1 ||     1
Dodge: Dodged            |    59 |    67 |   111 ||   237

Table legend: (Time is in decaauts)
 A = Elapsed time spent in this place.
 B = Non-inter-level travel time spent in this place.
 C = Inter-level travel time spent in this place.
 D = Time resting spent in this place.
 E = Time spent auto-exploring this place.
 F = Levels seen in this place.
 G = Mean time per level.
                   A        B        C        D        E       F      G
               +--------+--------+--------+--------+--------+-----+--------+
         Total |   4604 |   4307 |    297 |    117 |   3202 |   7 |  657.7 |
       Dungeon |   4399 |   4113 |    286 |    117 |   3016 |   6 |  733.2 |
        Temple |    205 |    194 |     11 |      0 |    186 |   1 |  205.0 |
               +--------+--------+--------+--------+--------+-----+--------+

Top non-repeatable levels by time:
     D:4: 933 daAuts
     D:3: 855 daAuts
     D:1: 774 daAuts
     D:5: 700 daAuts
     D:2: 643 daAuts
     D:6: 492 daAuts
  Temple: 205 daAuts
